 Dungeon Crawl Stone Soup version 0.29.1-15-g9cfb28693d (webtiles) character file.

Game seed: 13433708201898216578

6 H0rd4k the Charlatan (level 2, 0/21 HPs)
             Began as a Human Artificer on May 2, 2023.
             Slain by a kobold
             ... wielding a +0 short sword
              (3 damage)
             ... on level 1 of the Dungeon.
             The game lasted 00:00:15 (144 turns).

H0rd4k the Charlatan (Human Artificer)               Turns: 144, Time: 00:00:16

Health: 0/21       AC:  3    Str: 12    XL:     2   Next: 0%
Magic:  2/2        EV: 11    Int: 11    God:
Gold:   0          SH:  0    Dex: 13    Spells: 1/1 levels left

rFire   . . .      SeeInvis .   a - +0 club
rCold   . . .      Faith    .   (no shield)
rNeg    . . .      Spirit   .   b - +0 leather armour
rPois   .          Reflect  .   (no helmet)
rElec   .          Harm     .   (no cloak)
rCorr   .          Rampage  .   (no gloves)
Will    .....                   (no boots)
Stlth   +.........              (no amulet)
HPRegen 0.07/turn               (no ring)
MPRegen 0.08/turn               (no ring)

@: no status effects
A: no striking features
a: no special abilities


You were on level 1 of the Dungeon.
You visited 1 branch of the dungeon, and saw 1 of its levels.

Inventory:

Hand Weapons
 a - a +0 club (weapon)
Armour
 b - a +0 leather armour (worn)
Wands
 c - a wand of flame (15) (quivered)
 d - a wand of charming (15)
 e - a wand of iceblast (5)
Scrolls
 f - a scroll of magic mapping {unknown}
 g - a scroll of vulnerability {unknown}


   Skills:
 + Level 1.0 Fighting
 + Level 0.2 Maces & Flails
 - Level 2.0 Armour
 + Level 1.0 Dodging
 + Level 1.0 Stealth
 + Level 3.4 Evocations


You had one spell level left.
You didn't know any spells.
Your spell library was empty.

Dungeon Overview and Level Annotations

Branches:
Dungeon (1/15)

Altars:


Message History

The giant cockroach bites you but does no damage.
The giant cockroach bites you.
There are monsters nearby!
You hit the endoplasm but do no damage. The giant cockroach barely misses you.
The endoplasm closely misses you.
You hit the endoplasm but do no damage. The giant cockroach bites you.
The endoplasm freezes you.
You are frozen.
The giant cockroach bites you.
You are too injured to fight recklessly!
You are too injured to fight recklessly!
You are too injured to fight recklessly!
Unknown command.
The endoplasm attacks as you move away! The endoplasm closely misses you.
The giant cockroach attacks as you move away!
The giant cockroach bites you. The giant cockroach barely misses you.
The endoplasm attacks as you move away! The endoplasm closely misses you.
The giant cockroach attacks as you move away!
The giant cockroach bites you but does no damage.
The endoplasm attacks as you move away! The endoplasm closely misses you.
The giant cockroach barely misses you.
The giant cockroach attacks as you move away!
The giant cockroach closely misses you.
The giant cockroach attacks as you move away!
The giant cockroach barely misses you. The endoplasm attacks as you move away!
The endoplasm hits you. The endoplasm attacks as you move away!
The endoplasm hits you.
* * * LOW HITPOINT WARNING * * *
The giant cockroach misses you.
The giant cockroach attacks as you move away!
The giant cockroach completely misses you.
The endoplasm attacks as you move away! The endoplasm completely misses you.
A kobold comes into view. It is wielding a +0 short sword.
The kobold hits you with a +0 short sword.
* * * LOW HITPOINT WARNING * * *
There is an open door here.
The kobold hits you with a +0 short sword.
* * * LOW HITPOINT WARNING * * *
The kobold attacks as you move away!
The kobold hits you with a +0 short sword.
You die...

.######......#
.# #......##
.# #.......#
.# #.......#
.# #....[..###
.# #.........#
.# #########B#
## ###J#######
.#####
#..K@.....#
.....#
#.........'.
...⌠.#
#.........#.
###..#
######'####
'<#..# ..
###..# ..#
...⌠.# .#
.....# ..
....##


You could see an endoplasm, a giant cockroach and a kobold.

Vanquished Creatures
  An endoplasm (D:1)
  A goblin (D:1)
  3 kobolds (D:1)
  A rat (D:1)
6 creatures vanquished.

Notes
Turn   | Place    | Note
-------+----------+-------------------------------------------
     0 | D:1      | H0rd4k the Human Artificer began the quest for the Orb.
     0 | D:1      | Reached XP level 1. HP: 15/15 MP: 1/1
    12 | D:1      | Found a faded altar of an unknown god.
   122 | D:1      | Reached XP level 2. HP: 15/21 MP: 2/2
   144 | D:1      | Slain by a kobold

Illustrated notes

Levels and vault maps discovered:
D:1:      scummos_arrival_simple_fountains, layout_basic, basic_ecumenical_altar

Action                   || total
-------------------------++-------
Melee: Club              ||    16
Armor: Leather armour    ||    11
Dodge: Dodged            ||    21
